[Event "74th Superior Womens Argentine-ch 2023"]
[Site "Buenos Aires"]
[Date "2023.11.25"]
[Round "5.3"]
[White "Campos, Maria Jose"]
[Black "Donda, Jazmin"]
[Result "1-0"]
[ECO "A12"]
[WhiteElo "2208"]
[BlackElo "1825"]
[Annotator "RC"]
[PlyCount "101"]
[EventDate "2023.11.20"]
[EventType "swiss"]
[EventCountry "ARG"]
[SourceTitle "playchess.com"]
[Source "ChessBase"]
[SourceQuality "1"]
[TimeControl "5400+30"]

1. c4 c6 2. Nf3 d5 3. g3 Nf6 4. b3 Bf5 5. Bg2 e6 6. O-O Be7 7. Bb2 h6 8. d3 O-O 9. Nbd2 Nbd7 10. Qc2 a5 11. a3 Rc8 12. Rab1 Bh7 13. Rfc1 b5 14. Qd1 Qb6 15. cxb5 cxb5 16. Rxc8 Rxc8 17. b4 axb4 18. axb4 Qb8 19. Qb3 Qd6 20. Qa2 Bd8 21. Bh3 Bb6 22. Qa1 Bc7 23. Qa7 Bb6 24. Qa3 g5 25. Nd4 Bxd4 26. Bxd4 g4 27. Bg2 e5 28. Bb2 e4 29. Bd4 exd3 30. exd3 Qc6 31. Bf1 Qc2 32. Qb2 Qxb2 33. Rxb2 Rc1 34. Kg2 Kf8 35. Nb3 Rc8 36. Nc5 h5 37. h3 Bf5 38. hxg4 hxg4 39. Be2 Ke7 40. Ra2 Rc7 41. Ra5 Ne8 42. Rxb5 Nd6 43. Ra5 Nxc5 44. Rxc5 Rxc5 45. Bxc5 Kd7 46. Bxd6 Kxd6 47. d4 Bd7 48. Kf1 Kc7 49. Ke1 Kb6 50. Kd2 f5 51. Bd3 1-0

[Event "74th Superior Womens Argentine-ch 2023"]
[Site "Buenos Aires"]
[Date "2023.11.25"]
[Round "5.4"]
[White "Zuriel, Marisa"]
[Black "Flores Mirabal, Nancy"]
[Result "1-0"]
[ECO "B52"]
[WhiteElo "2165"]
[BlackElo "1937"]
[Annotator "RC"]
[PlyCount "78"]
[EventDate "2023.11.20"]
[EventType "swiss"]
[EventCountry "ARG"]
[SourceTitle "playchess.com"]
[Source "ChessBase"]
[SourceQuality "1"]
[TimeControl "5400+30"]

1. e4 c5 2. Nf3 d6 3. Bb5+ Bd7 4. Bxd7+ Qxd7 5. c4 Nf6 6. Nc3 g6 7. d4 cxd4 8. Nxd4 Bg7 9. f3 Nc6 10. Be3 Rc8 11. Nde2 b6 12. O-O O-O 13. Qd2 Rfd8 14. Rfd1 e6 15. Bg5 a6 16. Rac1 Ne5 17. b3 b5 18. cxb5 axb5 19. h3 Qb7 20. Qe1 b4 21. Na4 Rxc1 22. Nxc1 h6 23. Bd2 Nc6 24. Nd3 Rb8 25. Rc1 d5 26. e5 Nd7 27. f4 Bf8 28. Kh2 Qb5 29. Nf2 Nc5 30. Nxc5 Bxc5 31. Ng4 Bf8 32. f5 Nd4 33. fxg6 fxg6 34. Bxh6 Be7 35. Qd2 Nf5 36. Bg5 Qb7 37. Bf6 Bxf6 38. Nxf6+ Kf7 39. g4 Ng7 1-0

[Event "74th Superior Womens Argentine-ch 2023"]
[Site "Buenos Aires"]
[Date "2023.11.25"]
[Round "5.5"]
[White "Nejanky, Maisa"]
[Black "Montiel Marin, Micaela Agustina"]
[Result "1-0"]
[ECO "B90"]
[WhiteElo "1951"]
[BlackElo "1631"]
[Annotator "RC"]
[PlyCount "81"]
[EventDate "2023.11.20"]
[EventType "swiss"]
[EventCountry "ARG"]
[SourceTitle "playchess.com"]
[Source "ChessBase"]
[SourceQuality "1"]
[TimeControl "5400+30"]

1. e4 c5 2. Nf3 d6 3. d4 cxd4 4. Nxd4 Nf6 5. Nc3 a6 6. h3 e5 7. Nde2 h5 8. Bg5 Be6 9. Bxf6 Qxf6 10. Nd5 Qd8 11. Nec3 Nd7 12. Be2 g6 13. a4 Rc8 14. O-O Nb6 15. a5 Nxd5 16. Nxd5 Qg5 17. Ra3 Bxd5 18. Qxd5 Qe7 19. Rb3 Rc7 20. Rd1 Qd7 21. Rdd3 Be7 22. Rdc3 Rxc3 23. bxc3 Qc6 24. Qxc6+ bxc6 25. Rb8+ Bd8 26. Bxa6 Kd7 27. Rb7+ Bc7 28. Bc4 Rf8 29. a6 f6 30. Be6+ Kxe6 31. Rxc7 Ra8 32. a7 c5 33. c4 f5 34. f3 fxe4 35. fxe4 Kf6 36. Kf2 Kg5 37. Rf7 Kh4 38. Kf3 Kg5 39. g3 Kh6 40. g4 h4 41. Ke3 1-0

[Event "74th Superior Womens Argentine-ch 2023"]
[Site "Buenos Aires"]
[Date "2023.11.26"]
[Round "6.1"]
[White "Brizzi, Milagros Tatiana"]
[Black "Adam, Ernestina"]
[Result "1-0"]
[ECO "B90"]
[WhiteElo "2076"]
[BlackElo "2036"]
[Annotator "RC"]
[PlyCount "89"]
[EventDate "2023.11.20"]
[EventType "swiss"]
[EventCountry "ARG"]
[SourceTitle "playchess.com"]
[Source "ChessBase"]
[SourceQuality "1"]
[TimeControl "5400+30"]

1. e4 c5 2. Nf3 d6 3. d4 cxd4 4. Nxd4 Nf6 5. Nc3 a6 6. Be3 e5 7. Nb3 Be6 8. f3 h5 9. Qd2 Nbd7 10. Nd5 Bxd5 11. exd5 g6 12. Na5 Qc7 13. c4 Bg7 14. Be2 O-O 15. O-O e4 16. b4 exf3 17. gxf3 Ne5 18. c5 Rfd8 19. Rad1 Kh7 20. Kh1 Rd7 21. c6 bxc6 22. dxc6 Rdd8 23. Rc1 d5 24. Bf4 h4 25. Rc5 Bf8 26. Rcc1 Nh5 27. Bg5 f6 28. Bf4 d4 29. a3 d3 30. Bd1 Bg7 31. Rc3 Nxf4 32. Qxf4 Bh6 33. Qxf6 Rf8 34. Qxh4 Rae8 35. f4 g5 36. Qh3 gxf4 37. Nb7 Qb6 38. Rxd3 Qxc6+ 39. Bf3 Qc4 40. Rd6 Nf7 41. Bd5 Qc7 42. Bxf7 Qxb7+ 43. Bd5 Qg7 44. Rg1 Qxg1+ 45. Kxg1 1-0

[Event "74th Superior Womens Argentine-ch 2023"]
[Site "Buenos Aires"]
[Date "2023.11.26"]
[Round "6.2"]
[White "Sarquis, Maria Belen"]
[Black "Campos, Maria Jose"]
[Result "1/2-1/2"]
[ECO "C54"]
[WhiteElo "2194"]
[BlackElo "2208"]
[Annotator "RC"]
[PlyCount "104"]
[EventDate "2023.11.20"]
[EventType "swiss"]
[EventCountry "ARG"]
[SourceTitle "playchess.com"]
[Source "ChessBase"]
[SourceQuality "1"]
[TimeControl "5400+30"]

1. e4 e5 2. Nf3 Nc6 3. Bc4 Nf6 4. d3 Bc5 5. O-O d6 6. c3 a5 7. Nbd2 O-O 8. h3 h6 9. Re1 Be6 10. Bb5 Qb8 11. Nf1 Qa7 12. Be3 Bxe3 13. Nxe3 Ne7 14. a4 Ng6 15. Bc4 Bxc4 16. Nxc4 Qa6 17. Qb3 Rfe8 18. g3 b6 19. Kh2 Rad8 20. Rad1 Nf8 21. Qa2 Ne6 22. d4 exd4 23. cxd4 Qa8 24. Qb1 d5 25. exd5 Qxd5 26. Nce5 Qb3 27. Qa1 c5 28. Rd3 Qd5 29. dxc5 Qxc5 30. Kg2 Rxd3 31. Nxd3 Qd5 32. Re3 Rd8 33. b4 axb4 34. Nxb4 Qc4 35. Qc3 Rc8 36. Qb2 Rd8 37. Rc3 Qe4 38. Nc6 Rd1 39. Qc2 Qxc2 40. Rxc2 Ra1 41. Ne7+ Kf8 42. Nc8 Nd7 43. Rb2 Rxa4 44. Nxb6 Nxb6 45. Rxb6 Re4 46. Rb2 g5 47. Nd2 Rd4 48. Nf3 Rd5 49. h4 Kg7 50. hxg5 hxg5 51. Rd2 Rc5 52. Nd4 Nxd4 1/2-1/2

[Event "74th Superior Womens Argentine-ch 2023"]
[Site "Buenos Aires"]
[Date "2023.11.26"]
[Round "6.3"]
[White "Donda, Jazmin"]
[Black "Zuriel, Marisa"]
[Result "0-1"]
[ECO "A58"]
[WhiteElo "1825"]
[BlackElo "2165"]
[Annotator "RC"]
[PlyCount "80"]
[EventDate "2023.11.20"]
[EventType "swiss"]
[EventCountry "ARG"]
[SourceTitle "playchess.com"]
[Source "ChessBase"]
[SourceQuality "1"]
[TimeControl "5400+30"]

1. d4 Nf6 2. c4 c5 3. d5 b5 4. cxb5 a6 5. bxa6 g6 6. Nc3 Bg7 7. a7 Rxa7 8. e4 O-O 9. Nf3 d6 10. Be2 Ba6 11. O-O Nbd7 12. Re1 Qa5 13. a4 Bxe2 14. Qxe2 Rb8 15. Ra3 Ne8 16. Nb5 Raa8 17. b3 Nc7 18. Bd2 Qb6 19. Nxc7 Qxc7 20. Bg5 Rb4 21. Rc1 Rab8 22. Qc2 Qb6 23. Nd2 Ne5 24. Bf4 Qa6 25. Bxe5 Bxe5 26. Nc4 Bd4 27. g3 Kg7 28. Rb1 h5 29. h4 Rf8 30. Re1 e5 31. Ne3 Rfb8 32. Nc4 Rf8 33. Ne3 Qa5 34. Re2 Bxe3 35. Rxe3 Rd4 36. Kg2 f5 37. exf5 Qa8 38. Kh2 Qxd5 39. f6+ Rxf6 40. Re2 Rd1 0-1

[Event "74th Superior Womens Argentine-ch 2023"]
[Site "Buenos Aires"]
[Date "2023.11.26"]
[Round "6.4"]
[White "Borda Rodas, Anapaola S."]
[Black "Encina, Guadalupe"]
[Result "1-0"]
[ECO "B52"]
[WhiteElo "2261"]
[BlackElo "1877"]
[Annotator "RC"]
[PlyCount "63"]
[EventDate "2023.11.20"]
[EventType "swiss"]
[EventCountry "ARG"]
[SourceTitle "playchess.com"]
[Source "ChessBase"]
[SourceQuality "1"]
[TimeControl "5400+30"]

1. e4 c5 2. Nf3 d6 3. Bb5+ Bd7 4. c4 Bxb5 5. cxb5 e5 6. Nc3 Nf6 7. d3 Be7 8. O-O O-O 9. Re1 a6 10. bxa6 Rxa6 11. Nd2 Nc6 12. Nc4 Na7 13. Qb3 b5 14. Nxb5 Qb8 15. Nba3 Qxb3 16. axb3 Rb8 17. Bg5 Rxb3 18. Bxf6 gxf6 19. Nc2 Rxa1 20. Rxa1 Nb5 21. Ra8+ Kg7 22. N4e3 f5 23. Nxf5+ Kf6 24. Nce3 Rxb2 25. h4 Nc7 26. Rc8 Rb7 27. Rxc7 Rxc7 28. Nd5+ Kg6 29. Nfxe7+ Rxe7 30. Nxe7+ Kf6 31. Nd5+ Ke6 32. g4 1-0

[Event "74th Superior Womens Argentine-ch 2023"]
[Site "Buenos Aires"]
[Date "2023.11.26"]
[Round "6.5"]
[White "Bosco, Giuliana"]
[Black "Nejanky, Maisa"]
[Result "0-1"]
[ECO "B23"]
[WhiteElo "1878"]
[BlackElo "1951"]
[Annotator "RC"]
[PlyCount "70"]
[EventDate "2023.11.20"]
[EventType "swiss"]
[EventCountry "ARG"]
[SourceTitle "playchess.com"]
[Source "ChessBase"]
[SourceQuality "1"]
[TimeControl "5400+30"]

1. e4 c5 2. Nc3 Nc6 3. Bb5 Nd4 4. Bc4 e6 5. Nge2 a6 6. a4 g6 7. O-O Bg7 8. f4 Ne7 9. d3 O-O 10. Ng3 d5 11. Ba2 b5 12. Be3 Bb7 13. Qd2 Qd7 14. a5 Rac8 15. Qf2 Rfd8 16. Nd1 dxe4 17. dxe4 c4 18. c3 Nb3 19. Bxb3 cxb3 20. Bb6 Re8 21. Ne3 Bc6 22. Rad1 Qb7 23. f5 exf5 24. exf5 Nd5 25. Nxd5 Bxd5 26. Qd2 Bc4 27. Rfe1 Qc6 28. Rxe8+ Rxe8 29. Re1 h5 30. Rxe8+ Qxe8 31. Bd8 Bh6 32. Qd1 Qe3+ 33. Kh1 Qc1 34. Qxc1 Bxc1 35. Ne4 Bxb2 0-1

[Event "74th Superior Womens Argentine-ch 2023"]
[Site "Buenos Aires"]
[Date "2023.11.27"]
[Round "7.1"]
[White "Borda Rodas, Anapaola S."]
[Black "Brizzi, Milagros Tatiana"]
[Result "1-0"]
[ECO "B19"]
[WhiteElo "2261"]
[BlackElo "2076"]
[Annotator "RC"]
[PlyCount "61"]
[EventDate "2023.11.20"]
[EventType "swiss"]
[EventCountry "ARG"]
[SourceTitle "playchess.com"]
[Source "ChessBase"]
[SourceQuality "1"]
[TimeControl "5400+30"]

1. e4 c6 2. d4 d5 3. Nc3 dxe4 4. Nxe4 Bf5 5. Ng3 Bg6 6. h4 h6 7. Nf3 Nd7 8. h5 Bh7 9. Bd3 Bxd3 10. Qxd3 e6 11. Bd2 Ngf6 12. O-O-O Be7 13. Ne4 Nxe4 14. Qxe4 Nf6 15. Qd3 O-O 16. g4 Qd5 17. g5 Qxa2 18. c3 Ng4 19. Rdg1 Nxf2 20. Qe3 Nxh1 21. gxh6 Ba3 22. bxa3 Qxa3+ 23. Kd1 Qb3+ 24. Ke1 Qb1+ 25. Bc1 f6 26. Rxg7+ Kh8 27. Nh4 Ng3 28. Ng6+ Qxg6 29. hxg6 Nf5 30. Rh7+ Kg8 31. Qxe6+ 1-0

[Event "74th Superior Womens Argentine-ch 2023"]
[Site "Buenos Aires"]
[Date "2023.11.27"]
[Round "7.2"]
[White "Zuriel, Marisa"]
[Black "Sarquis, Maria Belen"]
[Result "1/2-1/2"]
[ECO "B33"]
[WhiteElo "2165"]
[BlackElo "2194"]
[Annotator "RC"]
[PlyCount "180"]
[EventDate "2023.11.20"]
[EventType "swiss"]
[EventCountry "ARG"]
[SourceTitle "playchess.com"]
[Source "ChessBase"]
[SourceQuality "1"]
[TimeControl "5400+30"]

1. e4 c5 2. Nf3 Nc6 3. d4 cxd4 4. Nxd4 Nf6 5. Nc3 e5 6. Ndb5 d6 7. Bg5 a6 8. Na3 b5 9. Nd5 Be7 10. Bxf6 Bxf6 11. c3 Bg5 12. Nc2 Rb8 13. Be2 O-O 14. Bg4 Be6 15. Nce3 Qd7 16. O-O g6 17. a4 f5 18. axb5 axb5 19. Bf3 f4 20. Nc2 Bd8 21. Ncb4 Na5 22. h3 h5 23. Qe2 Rf7 24. Rfd1 Qc8 25. Ra3 Kg7 26. Rda1 Ra7 27. R1a2 Qd7 28. Qd1 Rba8 29. Be2 Bf7 30. Nc2 Nc4 31. Bxc4 bxc4 32. Rxa7 Rxa7 33. Rxa7 Qxa7 34. Na3 Qc5 35. Qe2 Bh4 36. Kf1 Bxd5 37. exd5 Qxd5 38. Nxc4 Qe6 39. Qe4 Bf6 40. Qb7+ Kh6 41. Nd2 d5 42. Qb8 g5 43. Qb4 e4 44. Qb5 g4 45. hxg4 hxg4 46. Qe2 Qf5 47. Kg1 f3 48. Qe3+ Kg6 49. c4 dxc4 50. Nxc4 Qd5 51. Nd2 Kf5 52. Nf1 fxg2 53. Ng3+ Ke5 54. Qc3+ Ke6 55. Qc8+ Kf7 56. Qxg4 e3 57. fxe3 Qb5 58. b4 Be7 59. Kxg2 Bxb4 60. Qf3+ Ke8 61. Ne4 Be7 62. Qg4 Qe5 63. Kf3 Qd5 64. Ke2 Qb5+ 65. Kf2 Qb2+ 66. Kf3 Qe5 67. Qg8+ Kd7 68. Qf7 Kd8 69. Qg8+ Kd7 70. Qg4+ Kd8 71. Nf2 Qf6+ 72. Kg2 Qe5 73. Qf3 Bd6 74. Qh3 Bc5 75. Qh4+ Qe7 76. Qxe7+ Kxe7 77. e4 Ke6 78. Nd3 Be7 79. Kf3 Bd6 80. Ke3 Be5 81. Kf3 Bd6 82. Kg4 Kf6 83. Nb2 Ke5 84. Kf3 Ke6 85. Nc4 Be5 86. Ke3 Bb8 87. Na5 Bc7 88. Nc6 Kd6 89. Nb4 Ke5 90. Kd3 Bb6 1/2-1/2

[Event "74th Superior Womens Argentine-ch 2023"]
[Site "Buenos Aires"]
[Date "2023.11.27"]
[Round "7.3"]
[White "Campos, Maria Jose"]
[Black "Gaite, Karen Nerina"]
[Result "1-0"]
[ECO "A13"]
[WhiteElo "2208"]
[BlackElo "1871"]
[Annotator "RC"]
[PlyCount "65"]
[EventDate "2023.11.20"]
[EventType "swiss"]
[EventCountry "ARG"]
[SourceTitle "playchess.com"]
[Source "ChessBase"]
[SourceQuality "1"]
[TimeControl "5400+30"]

1. c4 e6 2. g3 d5 3. Nf3 Nf6 4. Bg2 d4 5. O-O c5 6. e3 Nc6 7. exd4 cxd4 8. d3 Bd6 9. Na3 O-O 10. Nc2 e5 11. b4 Re8 12. c5 Bc7 13. Bg5 Ne7 14. Bxf6 gxf6 15. Nh4 Ng6 16. Qh5 Nxh4 17. Qxh4 f5 18. Qh5 Qf6 19. Rfe1 Rd8 20. Na3 a6 21. Nc4 Rb8 22. g4 Be6 23. gxf5 Bxf5 24. Qf3 Qg6 25. Nxe5 Bxe5 26. Rxe5 Bxd3 27. h4 h6 28. Kh1 Bc2 29. Rg1 Kf8 30. h5 Qh7 31. Qf6 Rd7 32. Bh3 Rdd8 33. Qe7# 1-0

[Event "74th Superior Womens Argentine-ch 2023"]
[Site "Buenos Aires"]
[Date "2023.11.27"]
[Round "7.4"]
[White "Adam, Ernestina"]
[Black "Nejanky, Maisa"]
[Result "0-1"]
[ECO "B57"]
[WhiteElo "2036"]
[BlackElo "1951"]
[Annotator "NA RC"]
[PlyCount "220"]
[EventDate "2023.11.20"]
[EventType "swiss"]
[EventCountry "ARG"]
[SourceTitle "playchess.com"]
[Source "ChessBase"]
[SourceQuality "1"]
[TimeControl "5400+30"]

1. e4 c5 2. Nf3 d6 3. d4 cxd4 4. Nxd4 Nf6 5. Nc3 Nc6 6. Bc4 Qb6 7. Nb3 e6 8. Be3 Qc7 9. O-O a6 10. Be2 b5 11. a3 Bb7 12. f4 b4 13. axb4 Nxb4 14. Bf3 d5 15. e5 Ne4 16. Bxe4 dxe4 17. Qe2 a5 18. Qf2 a4 19. Nd4 Bc6 20. Kh1 Be7 21. Qe2 O-O 22. Bf2 a3 23. bxa3 Nd5 24. Nxc6 Qxc6 25. Nxe4 Nxf4 26. Qf3 Nd5 27. Rfc1 Ra4 28. c4 Rxc4 29. Rxc4 Qxc4 30. h3 h6 31. a4 Ra8 32. a5 Qc7 33. Bd4 Rxa5 34. Rf1 Bf8 35. Nd6 Bxd6 36. exd6 Qd7 37. Qg3 f6 38. Bb2 e5 39. Ba3 Kf7 40. Rc1 Qa4 41. Bc5 Qf4 42. Qe1 Ra8 43. Rb1 Qc4 44. Rc1 Qa2 45. Qe4 Ra4 46. Qf5 Nf4 47. Qd7+ Kg8 48. Qc8+ Kh7 49. Qf5+ Kg8 50. Rc2 Qe6 51. Qxe6+ Nxe6 52. d7 Ra1+ 53. Kh2 Rd1 54. Be3 Rxd7 55. Rc8+ Kf7 56. g4 Rd3 57. Bc1 Nf8 58. Rc7+ Nd7 59. Kg2 g5 60. Ra7 Ke6 61. Ra8 Rc3 62. Ba3 e4 63. Ra6+ Kf7 64. Ra7 Rd3 65. Bb4 Ke6 66. Ra6+ Ke5 67. Ra5+ Kd4 68. Be1 e3 69. Ra4+ Kd5 70. Kf3 e2+ 71. Kxe2 Rxh3 72. Ra5+ Ke4 73. Ra4+ Ke5 74. Ra5+ Ke6 75. Ra6+ Kf7 76. Ra7 Ke7 77. Bb4+ Ke6 78. Ra6+ Ke5 79. Ra7 Nb6 80. Ra6 Nc4 81. Bf8 Rh2+ 82. Kf3 Nd2+ 83. Kg3 Nf1+ 84. Kf3 Rc2 85. Bg7 Nd2+ 86. Ke3 Ne4 87. Ra5+ Nc5 88. Bxh6 Rc3+ 89. Ke2 Kf4 90. Bg7 Ne4 91. Bxf6 Re3+ 92. Kd1 Nxf6 93. Rf5+ Kxg4 94. Rxf6 Kh3 95. Kd2 Re7 96. Rh6+ Kg3 97. Rh8 g4 98. Rg8 Kf3 99. Rf8+ Kg2 100. Rg8 g3 101. Rg6 Kf2 102. Rf6+ Kg1 103. Rg6 g2 104. Rg8 Re4 105. Kd3 Rh4 106. Ke2 Kh1 107. Kf2 Rh7 108. Rg6 Rf7+ 109. Ke2 g1=Q 110. Rh6+ Qh2+ 0-1

[Event "74th Superior Womens Argentine-ch 2023"]
[Site "Buenos Aires"]
[Date "2023.11.27"]
[Round "7.5"]
[White "Flores Mirabal, Nancy"]
[Black "Montiel Marin, Micaela Agustina"]
[Result "1-0"]
[ECO "A21"]
[WhiteElo "1937"]
[BlackElo "1631"]
[Annotator "RC"]
[PlyCount "109"]
[EventDate "2023.11.20"]
[EventType "swiss"]
[EventCountry "ARG"]
[SourceTitle "playchess.com"]
[Source "ChessBase"]
[SourceQuality "1"]
[TimeControl "5400+30"]

1. c4 g6 2. Nc3 Bg7 3. g3 d6 4. Bg2 e5 5. d3 f5 6. e4 Nf6 7. exf5 gxf5 8. Bg5 O-O 9. Nd5 Nbd7 10. Qd2 c6 11. Ne3 Qb6 12. Ne2 Ne8 13. O-O h6 14. Bh4 f4 15. gxf4 exf4 16. Nxf4 Rxf4 17. Nd5 cxd5 18. Qxf4 dxc4 19. Bd5+ Kh8 20. Qf7 Nef6 21. Rae1 Qd8 22. Re7 Qf8 23. dxc4 Qxf7 24. Bxf7 Ne5 25. f4 Nc6 26. Rc7 Bh3 27. Rf3 Bf5 28. Rxb7 Nd4 29. Re3 Ng4 30. Ra3 Ne2+ 31. Kf1 Nxf4 32. Bg3 Nd3 33. Raxa7 Rxa7 34. Rxa7 Bd4 35. Ra5 Ne3+ 36. Ke2 Nxb2 37. Kf3 Bg4+ 38. Ke4 Nc2 39. Bxd6 Kg7 40. Bd5 Kf6 41. Be5+ Bxe5 42. Ra6+ Kg5 43. Kxe5 Nd3+ 44. Kd6 Ne3 45. Ra3 Nf5+ 46. Kc7 Ne5 47. c5 Nd4 48. Kb7 Bd7 49. Ra6 Bb5 50. Rb6 Nd7 51. c6 Nxb6 52. Kxb6 Bxc6 53. Bxc6 Kh4 54. a4 Nb3 55. Bd5 1-0

[Event "74th Superior Womens Argentine-ch 2023"]
[Site "Buenos Aires"]
[Date "2023.11.28"]
[Round "8.1"]
[White "Zuriel, Marisa"]
[Black "Campos, Maria Jose"]
[Result "0-1"]
[ECO "C84"]
[WhiteElo "2165"]
[BlackElo "2208"]
[Annotator "RC"]
[PlyCount "148"]
[EventDate "2023.11.20"]
[EventType "swiss"]
[EventCountry "ARG"]
[SourceTitle "playchess.com"]
[Source "ChessBase"]
[SourceQuality "1"]
[TimeControl "5400+30"]

1. e4 e5 2. Nf3 Nc6 3. Bb5 a6 4. Ba4 Nf6 5. d4 exd4 6. O-O Be7 7. Re1 b5 8. e5 Nxe5 9. Nxe5 bxa4 10. Qxd4 O-O 11. Qxa4 Rb8 12. Nc3 Rb4 13. Qa5 Bb7 14. f3 Bd6 15. b3 Rh4 16. Ba3 Qb8 17. Bxd6 cxd6 18. Nd3 d5 19. g3 Rh5 20. Nf4 Qa7+ 21. Kg2 Rf5 22. Rad1 Qa8 23. Rd4 h5 24. Re3 Rc8 25. h4 Qa7 26. Nfe2 d6 27. f4 Qc5 28. Qa4 Kf8 29. b4 Qb6 30. Qb3 Ng4 31. Red3 Re8 32. Ng1 Rf6 33. Nf3 Rfe6 34. Qb1 Ne3+ 35. Kh2 Nf5 36. Qd1 g6 37. Qd2 Nxd4 38. Nxd4 Re1 39. f5 Kg7 40. Qf2 Qd8 41. Ne6+ R1xe6 42. fxe6 Rxe6 43. Nxd5 Bxd5 44. Rxd5 Qe7 45. Rd2 Re4 46. a3 Qe5 47. Kh3 Kg8 48. Qb6 Re1 49. Kh2 Qe4 50. Rg2 Rd1 51. Qf2 Qe5 52. Rg1 Rd4 53. Kh3 Qe6+ 54. Kh2 Qd5 55. Re1 Kg7 56. Re7 Rd2 57. Re2 Rd4 58. Re7 Rc4 59. Re3 Qd1 60. Re2 Qa1 61. Qe3 Qc3 62. Qxc3+ Rxc3 63. Rd2 Rc6 64. Kg2 Kf6 65. Kf3 Ke6 66. a4 Rc4 67. b5 Rxa4 68. bxa6 Rxa6 69. Re2+ Kd7 70. Re3 Rc6 71. c3 Rc4 72. Ke2 Rg4 73. Kf3 d5 74. Ke2 Re4 0-1

[Event "74th Superior Womens Argentine-ch 2023"]
[Site "Buenos Aires"]
[Date "2023.11.28"]
[Round "8.2"]
[White "Nejanky, Maisa"]
[Black "Brizzi, Milagros Tatiana"]
[Result "0-1"]
[ECO "B10"]
[WhiteElo "1951"]
[BlackElo "2076"]
[Annotator "ChessBase"]
[PlyCount "68"]
[EventDate "2023.11.20"]
[EventType "swiss"]
[EventCountry "ARG"]
[SourceTitle "playchess.com"]
[Source "ChessBase"]
[SourceQuality "1"]
[TimeControl "5400+30"]

1. e4 c6 2. b3 d5 3. Bb2 dxe4 4. Nc3 Nf6 5. Nge2 Bf5 6. Ng3 Bg6 7. Qe2 Nbd7 8. Ncxe4 e6 9. f4 Bxe4 10. Nxe4 Be7 11. Ng5 Nd5 12. Bxg7 Rg8 13. Nxe6 Qa5 14. Bb2 fxe6 15. Qh5+ Kd8 16. c4 Bb4 17. O-O-O Nxf4 18. Qxh7 Kc7 19. g3 Ng6 20. Bd3 Nge5 21. Bb1 Ba3 22. Rhe1 Rad8 23. Bxa3 Qxa3+ 24. Kc2 Nf3 25. Re4 Ng5 26. Qh4 Nxe4 27. Qxe4 e5 28. g4 Qd6 29. h4 Nf6 30. Qe3 Nxg4 31. Qxa7 Qd4 32. Qa5+ Kb8 33. Kc1 e4 34. Re1 Nf2 0-1

[Event "74th Superior Womens Argentine-ch 2023"]
[Site "Buenos Aires"]
[Date "2023.11.28"]
[Round "8.3"]
[White "Recalde, Ailin"]
[Black "Borda Rodas, Anapaola S."]
[Result "0-1"]
[ECO "C55"]
[WhiteElo "1449"]
[BlackElo "2261"]
[Annotator "RC"]
[PlyCount "96"]
[EventDate "2023.11.20"]
[EventType "swiss"]
[EventCountry "ARG"]
[SourceTitle "playchess.com"]
[Source "ChessBase"]
[SourceQuality "1"]
[TimeControl "5400+30"]

1. e4 e5 2. Nf3 Nc6 3. Bc4 Be7 4. d3 Nf6 5. O-O O-O 6. c3 d6 7. h3 Kh8 8. Be3 Ng8 9. Qd2 f5 10. Ng5 f4 11. Nf7+ Rxf7 12. Bxf7 Bg5 13. Qe2 fxe3 14. fxe3 Nh6 15. Bb3 Na5 16. Bc2 c5 17. Nd2 Be6 18. b3 d5 19. exd5 Bxd5 20. e4 Be6 21. Rf3 Ng8 22. Raf1 Nf6 23. Kh1 Bf4 24. Qf2 Qe7 25. Rg1 h5 26. g3 Bh6 27. Qg2 Qd7 28. g4 hxg4 29. hxg4 Bxg4 30. Rf2 Qf7 31. Re1 Qh5+ 32. Qh2 Bh3 33. Bd1 Ng4 34. Bxg4 Bxg4 35. Qxh5 Bxh5 36. Rh2 g6 37. Rf1 Bf4 38. Rhf2 Rd8 39. Nc4 Nxc4 40. dxc4 g5 41. Kg2 Kg7 42. Rh1 Bg4 43. b4 Rd3 44. Rc2 Bf3+ 45. Kf2 Bxh1 46. bxc5 Bxe4 47. Re2 Bg3+ 48. Kg1 Rd1+ 0-1

[Event "74th Superior Womens Argentine-ch 2023"]
[Site "Buenos Aires"]
[Date "2023.11.28"]
[Round "8.4"]
[White "Sarquis, Maria Belen"]
[Black "Adam, Ernestina"]
[Result "0-1"]
[ECO "B51"]
[WhiteElo "2194"]
[BlackElo "2036"]
[Annotator "RC"]
[PlyCount "116"]
[EventDate "2023.11.20"]
[EventType "swiss"]
[EventCountry "ARG"]
[SourceTitle "playchess.com"]
[Source "ChessBase"]
[SourceQuality "1"]
[TimeControl "5400+30"]

1. e4 c5 2. Nf3 d6 3. Bb5+ Nd7 4. O-O a6 5. Bd3 b5 6. a4 b4 7. c3 Ngf6 8. Bc2 Bb7 9. Re1 e6 10. d4 cxd4 11. cxd4 a5 12. Nbd2 Be7 13. e5 dxe5 14. dxe5 Nd5 15. Ne4 Qc7 16. Ng3 Rc8 17. Bd3 h6 18. h4 Qb6 19. Nh5 Kf8 20. Nf4 Nc5 21. Bc4 Nxf4 22. Bxf4 Ne4 23. Be3 Bc5 24. Rc1 Ke7 25. Bb5 Rhd8 26. Bxc5+ Nxc5 27. Qe2 Bc6 28. Bxc6 Qxc6 29. Qc2 Qb6 30. Qh7 Nd3 31. Rxc8 Qxf2+ 32. Kh1 Nxe1 33. Rc7+ Rd7 34. Rxd7+ Kxd7 35. Qxg7 Qf1+ 36. Ng1 Nd3 37. Qf8 Nxe5 38. Qxh6 Qf2 39. Qg5 Qxb2 40. h5 b3 41. h6 Ng6 42. Nf3 Qc3 43. h7 b2 44. Qb5+ Ke7 45. Kh2 Qc1 46. Nh4 Qf4+ 47. g3 Qd2+ 48. Kh3 Nxh4 49. Qb7+ Qd7 50. Qxb2 Ng6 51. h8=Q Nxh8 52. Qxh8 Qxa4 53. Qe5 Kd7 54. Qf6 Ke8 55. Qh8+ Ke7 56. Qh5 Qb4 57. Qg5+ Kd7 58. Qh5 Ke8 0-1

[Event "74th Superior Womens Argentine-ch 2023"]
[Site "Buenos Aires"]
[Date "2023.11.28"]
[Round "8.5"]
[White "Gaite, Karen Nerina"]
[Black "Herrera, Lara"]
[Result "1-0"]
[ECO "A29"]
[WhiteElo "1871"]
[BlackElo "1391"]
[Annotator "NA RC"]
[PlyCount "133"]
[EventDate "2023.11.20"]
[EventType "swiss"]
[EventCountry "ARG"]
[SourceTitle "playchess.com"]
[Source "ChessBase"]
[SourceQuality "1"]
[TimeControl "5400+30"]

1. c4 e5 2. Nc3 Nf6 3. g3 d5 4. cxd5 Nxd5 5. Bg2 Nb6 6. Nf3 Nc6 7. O-O Be7 8. b3 O-O 9. Bb2 Be6 10. d3 f6 $11 11. Rc1 Qd7 12. Ne4 Bh3 13. a3 Rad8 14. Qc2 Bxg2 15. Kxg2 Nd5 16. h3 b6 17. Qxc6 Qf5 18. Nc3 Nxc3 19. Rxc3 Bd6 20. Qe4 Qxe4 21. dxe4 a5 22. Rd1 Bc5 23. Rcd3 Rd6 24. Ne1 b5 25. Rxd6 cxd6 26. Nd3 Bb6 27. Rc1 f5 28. exf5 e4 29. Nf4 Rxf5 30. e3 g5 31. Ne6 Kf7 32. Nd4 Rd5 33. Rc6 Bd8 34. Rc8 Bf6 35. Rc7+ Kg6 36. Bc3 b4 37. axb4 axb4 38. Bxb4 Bxd4 39. exd4 Rxd4 40. Rc4 Rd3 41. Rxe4 Rxb3 42. Bxd6 Rd3 43. Bc5 Rd5 44. Be3 Rb5 45. g4 Rb2 46. Re6+ Kf7 47. Rh6 Rb5 48. Rxh7+ Kg6 49. Rh5 Re5 50. h4 Re4 51. Rxg5+ Kf6 52. h5 Re7 53. Rg6+ Kf7 54. Kg3 Re8 55. g5 Rh8 56. Rf6+ Ke7 57. h6 Rg8 58. h7 Rh8 59. Rb6 Kd7 60. g6 Kc7 61. Rf6 Kd7 62. g7 Rxh7 63. g8=Q Re7 64. Qd5+ Ke8 65. Qc6+ Rd7 66. Qc8+ Rd8 67. Qe6# 1-0